 Dungeon Crawl Stone Soup version 0.21-a0-404-g291f19a (webtiles) character file.

7 Klosterheim the Skirmisher (level 2, 0/25 HPs)
             Began as a Formicid Abyssal Knight on Oct 28, 2017.
             Was an Initiate of Lugonu.
             Slain by a dart slug (3 damage)
             ... on level 2 of the Dungeon.
             The game lasted 00:01:31 (404 turns).

Klosterheim the Skirmisher (Formicid Abyssal Knight) Turns: 404, Time: 00:01:32

Health: 0/25       AC:  3    Str: 16    XL:     2   Next: 5%
Magic:  3/3        EV: 11    Int: 11    God:    Lugonu [......]
Gold:   23         SH:  0    Dex: 10    Spells: 1/1 levels left

rFire    . . .     SeeInvis +   a - +1 mace
rCold    . . .     Gourm    .   (no shield)
rNeg     . . .     Faith    .   b - +0 leather armour
rPois    .         Spirit   .   (helmet unavailable)
rElec    .         Reflect  .   (no cloak)
rCorr    .         Harm     .   (no gloves)
MR       .....                  (no boots)
Stlth    +.........             (no amulet)
HPRegen  0.08/turn              (no ring)
MPRegen  0.08/turn              (no ring)

@: no status effects
A: permanent stasis, dig shafts and tunnels, four strong arms, antennae 3
a: Dig, Shaft Self, Renounce Religion


You were on level 2 of the Dungeon.
You worshipped Lugonu.
Lugonu was noncommittal.
You were not hungry.

You visited 1 branch of the dungeon, and saw 2 of its levels.
You visited the Abyss 1 time.

You collected 23 gold pieces.

Inventory:

Hand Weapons
 a - a +1 mace (weapon)
Missiles
 d - 2 needles of confusion
Armour
 b - a +0 leather armour (worn)
Comestibles
 c - a bread ration


   Skills:
 + Level 3.6 Fighting
 + Level 2.0 Maces & Flails
 + Level 2.3 Armour
 + Level 0.8 Dodging
 + Level 2.2 Invocations


You had one spell level left.
You didn't know any spells.

Dungeon Overview and Level Annotations

Branches:
Dungeon (2/15)

Altars:


Innate Abilities, Weirdness & Mutations

You cannot be hasted, slowed, berserked, paralysed or teleported.
You can dig through walls and to a lower floor.
Your four strong arms can wield two-handed weapons with a shield.
You have a pair of large antennae on your head. (SInv)


Message History

The giant cockroach closely misses you.
The dart slug bites you but does no damage.
The giant cockroach barely misses you. The dart slug barely misses you.
The giant cockroach bites you.
* * * LOW HITPOINT WARNING * * *
The giant cockroach closely misses you. The dart slug launches a dart at you.
The slug dart misses you.
The slug dart hits the giant cockroach.
The giant cockroach closely misses you. The giant cockroach closely misses you.
The dart slug closely misses you. The giant cockroach barely misses you.
The giant cockroach bites you.
* * * LOW HITPOINT WARNING * * *
The dart slug launches a dart at you. The slug dart hits you!
* * * LOW HITPOINT WARNING * * *
The giant cockroach misses you. The dart slug barely misses you.
The giant cockroach closely misses you. The giant cockroach misses you.
The dart slug bites you.
You die...

#.# .. ### ###.#
... ...##...# ##%#
........##...
#......)#..#
..........########
#......w......<..#
#.....@.........#
#.#...s.#.......#
#.......#######
#.....#...
...###...#.# ....
#...[... .#..
##......{ #..
#.......


You could see a dart slug and a giant cockroach.

Vanquished Creatures
  An ufetubus (Abyss:1)
  A hobgoblin (D:1)
2 creatures vanquished.

Notes
Turn   | Place    | Note
-------+----------+-------------------------------------------
     0 | Abyss:1  | Klosterheim the Formicid Abyssal Knight began the quest for the Orb.
     0 | Abyss:1  | Reached XP level 1. HP: 18/18 MP: 2/2
    18 | Abyss:1  | Found a radiant altar of Vehumet.
    37 | Abyss:1  | Found a corrupted altar of Lugonu.
   141 | Abyss:1  | Noticed a wretched star
   244 | Abyss:1  | Noticed a large abomination
   261 | D:1      | Escaped the Abyss
   340 | D:1      | Reached XP level 2. HP: 21/25 MP: 3/3
   404 | D:2      | Slain by a dart slug

Vault maps used:
D:1:      dpeg_chamrin_arrival_tetris, st_stairs_6
D:2:      first_bread, minivault_4, minmay_distorted

Action                   || total
-------------------------++-------
Melee: Mace              ||     5
Invok: Depart the Abyss  ||     1
 Abil: Dig               ||     1
Armor: Leather armour    ||    18
Dodge: Dodged            ||    48

Table legend:
 A = Spawn XP
 B = Non-spawn XP
 C = Spawn XP percentage of total XP
 D = Spawn monster count
 E = Non-spawn monster count
 F = Spawn count percentage of total count
 G = Total turns spent on level
                    A         B        C        D         E        F      G
               +---------+---------+-------+---------+---------+-------+---------
         Total |       0 |      10 |   0.0 |       0 |       2 |   0.0 |   404
               +---------+---------+-------+---------+---------+-------+---------
           D:1 |       0 |       2 |   0.0 |       0 |       1 |   0.0 |    97
       Abyss:1 |       0 |       8 |   0.0 |       0 |       1 |   0.0 |   261
               +---------+---------+-------+---------+---------+-------+---------
